[Event "EYCC Girls U12 2018"]
[Site "Riga"]
[Date "2018.08.23"]
[Round "4"]
[White "Tsirekidze, Barbare"]
[Black "Alekseenko, Mariya"]
[Result "1/2-1/2"]
[ECO "A43"]
[WhiteElo "1413"]
[BlackElo "1750"]
[Annotator "NA RC"]
[PlyCount "84"]
[EventDate "2018.08.20"]
[EventType "swiss"]
[EventCountry "LAT"]
[SourceTitle "playchess.com"]
[Source "ChessBase"]
[SourceQuality "1"]
[TimeControl "40/5400+30:1800+30"]

1. d4 c5 2. c3 b6 3. Bf4 Nf6 4. e3 Bb7 5. h3 g6 6. Nf3 d6 7. Bc4 Bg7 8. dxc5 e5 9. Bg5 bxc5 10. Bxf6 Qxf6 11. Bd5 Nc6 12. O-O O-O 13. Na3 Rfd8 14. e4 Rac8 15. Re1 Bh6 16. Nc2 Qe7 17. Nh2 a5 18. Ng4 Bg7 19. Qd2 Na7 20. Nge3 Ba6 21. Rab1 Bh6 22. Red1 Qc7 23. Na3 Rb8 24. Bc4 Bb7 25. f3 Qd7 26. Qe2 Bxe3+ 27. Qxe3 Kg7 28. Rd2 Bc6 29. Rbd1 Qe7 30. Bd5 Bb5 31. Nxb5 Nxb5 32. Bc4 Nc7 33. f4 f6 34. fxe5 fxe5 35. Rf1 Rf8 36. Rdf2 Rxf2 37. Rxf2 Rf8 38. Rxf8 Qxf8 39. a3 Na8 40. b4 axb4 41. axb4 Nb6 42. Bd3 Qf4 1/2-1/2

[Event "EYCC Girls U12 2018"]
[Site "Riga"]
[Date "2018.08.24"]
[Round "5"]
[White "Bashylina, Luisa"]
[Black "Blokhin, Sofia"]
[Result "1-0"]
[ECO "B43"]
[WhiteElo "1817"]
[BlackElo "1500"]
[Annotator "NA"]
[PlyCount "99"]
[EventDate "2018.08.20"]
[EventType "swiss"]
[EventCountry "LAT"]
[SourceTitle "playchess.com"]
[Source "ChessBase"]
[SourceQuality "1"]
[TimeControl "40/5400+30:1800+30"]

1. e4 c5 2. Nf3 e6 3. d4 cxd4 4. Nxd4 a6 5. Nc3 d6 6. g3 b5 7. Bg2 Bb7 8. O-O Qc7 9. Re1 Nd7 10. Qf3 Ngf6 11. a4 b4 12. Nd5 exd5 13. exd5+ Be7 14. Nf5 Ne5 15. Qe3 Bc8 16. Nxe7 Qxe7 17. f4 Ng6 18. Qf2 Ne5 19. fxe5 dxe5 20. d6 Qxd6 21. Bxa8 Ng4 22. Qf3 O-O 23. Be3 Bd7 24. Rad1 Qc7 25. Be4 f5 26. Bd5+ Kh8 27. h3 Nf6 28. Qg2 Bxa4 29. b3 Bd7 30. Qd2 Nh5 31. Qxb4 Rf6 32. Qc4 Qb8 33. Bf7 e4 34. Bf4 Nxf4 35. gxf4 Qb6+ 36. Kh1 Bc6 37. Bd5 Qf2 38. Qf1 Qxf1+ 39. Rxf1 Bxd5 40. Rxd5 h6 41. c4 Rb6 42. Rb1 g6 43. c5 Rb5 44. Rd8+ Kg7 45. c6 Rc5 46. Rd7+ Kf6 47. c7 Ke6 48. Rbd1 Rc6 49. c8=Q Rxc8 50. R1d6# {Ra8} 1-0

[Event "EYCC Girls U12 2018"]
[Site "Riga"]
[Date "2018.08.24"]
[Round "5"]
[White "Mikheeva, Galina"]
[Black "Tsirekidze, Barbare"]
[Result "0-1"]
[ECO "C00"]
[WhiteElo "1776"]
[BlackElo "1413"]
[Annotator "NA"]
[PlyCount "162"]
[EventDate "2018.08.20"]
[EventType "swiss"]
[EventCountry "LAT"]
[SourceTitle "playchess.com"]
[Source "ChessBase"]
[SourceQuality "1"]
[TimeControl "40/5400+30:1800+30"]

1. e4 e6 2. d4 b6 3. Nf3 Bb7 4. Nc3 g6 5. Bg5 Ne7 6. Qd2 Bg7 7. Bd3 d6 8. Bh6 O-O 9. O-O Nd7 10. Bxg7 Kxg7 11. Rfe1 a6 12. a4 d5 13. exd5 Nxd5 14. Nxd5 Bxd5 15. Be4 Nf6 16. Bxd5 Qxd5 17. Rad1 Qd6 18. c4 c5 19. Qc3 Rad8 20. h3 Qc7 21. Ne5 cxd4 22. Rxd4 Rxd4 23. Qxd4 Rd8 24. Qc3 Qd6 25. Ng4 Qd4 26. Qxd4 Rxd4 27. Ne3 Rd2 28. Rb1 Kf8 29. f3 Ke7 30. Kf1 Kd7 31. Ke1 Rd4 32. Rd1 Rxd1+ 33. Kxd1 Kd6 34. Kd2 Kc5 35. Kc3 a5 36. b3 Nh5 37. Ng4 Nf4 38. Ne3 f5 39. h4 h6 40. Kd2 Kb4 41. g3 Nh5 42. g4 Nf4 43. Kc2 Ne2 44. gxf5 gxf5 45. Kd3 Nc1+ 46. Kd4 Kxb3 47. Nd5 Ne2+ 48. Ke5 Kxc4 49. Nxb6+ Kd3 50. Kxe6 f4 51. Nd5 Nc3 52. Nxf4+ Kd4 53. Ng6 Nxa4 54. f4 Nc5+ 55. Ke7 Ke4 56. Ne5 Kxf4 57. Nc4 a4 58. Kf6 Kg4 59. Kg6 h5 60. Kf6 Kxh4 61. Ke5 Kg3 62. Kd4 h4 63. Ne3 h3 64. Kc3 Kf2 65. Ng4+ Kg1 66. Kb4 h2 67. Nxh2 Kxh2 68. Ka3 Kg3 69. Kb4 Kf3 70. Ka3 Ke3 71. Ka2 Kd3 72. Ka3 Kc3 73. Ka2 Kb4 74. Kb2 Ne4 75. Ka2 a3 76. Kb1 Kb3 77. Ka1 Ng3 78. Kb1 Ne2 79. Ka1 Nd4 80. Kb1 Nc2 81. Kc1 a2 0-1

[Event "EYCC Girls U12 2018"]
[Site "Riga"]
[Date "2018.08.24"]
[Round "5"]
[White "Alekseenko, Mariya"]
[Black "Shubenkova, Veronika"]
[Result "0-1"]
[ECO "A08"]
[WhiteElo "1750"]
[BlackElo "1700"]
[Annotator "NA"]
[PlyCount "156"]
[EventDate "2018.08.20"]
[EventType "swiss"]
[EventCountry "LAT"]
[SourceTitle "playchess.com"]
[Source "ChessBase"]
[SourceQuality "1"]
[TimeControl "40/5400+30:1800+30"]

1. Nf3 d5 2. g3 c5 3. Bg2 Nc6 4. O-O e5 5. d3 f6 6. Nbd2 Be6 7. b3 Qd7 8. e4 d4 9. Nh4 O-O-O 10. a4 Bd6 11. Nc4 Nge7 12. a5 g5 13. Nxd6+ Qxd6 14. Nf5 Nxf5 15. exf5 Bd5 16. Be4 Bxe4 17. dxe4 h5 18. h3 h4 19. g4 Kc7 20. Bd2 Ra8 21. Qe2 Rhd8 22. Qc4 b6 23. Rfb1 Rdb8 24. b4 Nd8 25. f3 b5 26. Qxc5+ Qxc5 27. bxc5 Kc6 28. c3 d3 29. a6 Kxc5 30. Ra3 Nf7 31. Be3+ Kc6 32. Rd1 Rd8 33. Rb3 Rd7 34. Kf1 Rad8 35. Ke1 Ra8 36. c4 bxc4 37. Rc3 Kd6 38. Rxc4 Ke7 39. Rc3 Rad8 40. Kd2 Ke8 41. Rb1 Nd6 42. Rbb3 Kf7 43. Kd1 d2 44. Rb2 Ke8 45. Rc5 Ke7 46. Bxd2 Ne8 47. Rbc2 Rd3 48. Ke2 R3d4 49. Rb5 Nd6 50. Rbc5 Ke8 51. Ba5 Rd7 52. Rd2 Rc4 53. Rcd5 Rc6 54. Bb4 Ke7 55. Ra2 Ke8 56. Kd3 Nb5 57. Rc2 Rxc2 58. Kxc2 Rxd5 59. exd5 Nc7 60. d6 Nxa6 61. Ba3 Kd7 62. Kc3 Nb8 63. Bc5 a6 64. Kc4 Kc6 65. d7 Nxd7 66. Be7 Nb6+ 67. Kd3 Nd5 68. Bd8 Kd7 69. Ba5 Nf4+ 70. Ke4 Nxh3 71. Bb6 Nf4 72. Bg1 a5 73. Ke3 Kc6 74. Bh2 Kd5 75. Kd2 a4 76. Kc3 a3 77. Kb3 Kd4 78. Kxa3 Ke3 0-1

[Event "EYCC Girls U12 2018"]
[Site "Riga"]
[Date "2018.08.24"]
[Round "5"]
[White "Karmanova, Olga Dm"]
[Black "Gaal, Zsoka"]
[Result "1-0"]
[ECO "A02"]
[WhiteElo "1730"]
[BlackElo "2008"]
[Annotator "NA"]
[PlyCount "109"]
[EventDate "2018.08.20"]
[EventType "swiss"]
[EventCountry "LAT"]
[SourceTitle "playchess.com"]
[Source "ChessBase"]
[SourceQuality "1"]
[TimeControl "40/5400+30:1800+30"]

1. f4 Nh6 2. Nf3 g6 3. g3 Bg7 4. Bg2 d5 5. d3 O-O 6. O-O c5 {[%emt 0:00:36] A03: Bird's Opening with 1...d5} 7. c3 d4 8. e4 dxe3 9. Bxe3 Nd7 (9... Qd6 10. Na3 Ng4 11. Nc4 Nxe3 12. Nxd6 Nxd1 13. Nxc8 Rxc8 14. Raxd1 Nc6 15. Nd2 e6 16. Ne4 Ne7 17. Kf2 {½-½ (17) Pourramezanali,A (2510)-Lorparizangeneh,S (2524) Teheran 2017}) 10. h3 Nf5 11. Bf2 Qc7 12. Nbd2 $146 ({Predecessor:} 12. g4 Nd6 13. Qe2 Re8 {1-0 (30) Moe,M-Petersen,F Esbjerg 1972}) 12... Nd6 13. Ne4 Nxe4 14. dxe4 e5 15. f5 Nf6 16. Qc2 gxf5 17. exf5 e4 18. Nh4 Qe5 19. Rae1 Re8 20. g4 h6 {[%emt 0:05:09] [#]} 21. Nf3 $16 Qf4 22. Be3 Qc7 23. Nd2 Bd7 24. Bf4 Qb6 25. Nc4 Qa6 26. Nd6 Rf8 27. Nxe4 Nxe4 28. Bxe4 Bc6 29. Bxc6 Qxc6 30. f6 Qxf6 31. Be5 Qh4 32. Kg2 Qd8 33. Rd1 Qb6 34. Rd6 Qb5 35. Bxg7 Kxg7 36. Qf2 f5 37. gxf5 Kh7 38. Qd2 Rg8+ 39. Kh2 Rg5 40. Re1 Rag8 41. Re7+ R8g7 42. Rxg7+ Kxg7 43. Rd7+ Kh8 44. f6 Qf1 45. Rd8+ Kh7 46. Qd7+ Kg6 47. Rg8+ Kh5 48. Rxg5+ Kxg5 49. Qg7+ Kf5 50. f7 Qf2+ 51. Qg2 Qf4+ 52. Qg3 Qd2+ 53. Kg1 Qd1+ 54. Kg2 Qd5+ 55. Qf3+ 1-0

[Event "EYCC Girls U12 2018"]
[Site "Riga"]
[Date "2018.08.24"]
[Round "5"]
[White "Cherepanova, Evita"]
[Black "Kozachenko, Maria"]
[Result "0-1"]
[ECO "B90"]
[WhiteElo "1660"]
[BlackElo "1792"]
[Annotator "NA"]
[PlyCount "114"]
[EventDate "2018.08.20"]
[EventType "swiss"]
[EventCountry "LAT"]
[SourceTitle "playchess.com"]
[Source "ChessBase"]
[SourceQuality "1"]
[TimeControl "40/5400+30:1800+30"]

1. e4 c5 2. Nf3 d6 3. d4 cxd4 4. Nxd4 Nf6 5. Nc3 a6 6. f3 e5 7. Nb3 Be6 8. Be3 h5 9. Qd2 Nbd7 10. O-O-O Be7 11. h4 b5 12. Kb1 O-O 13. Rg1 Nb6 14. Qf2 Nc4 15. Bxc4 Bxc4 16. Bb6 Qc8 17. Ba5 Be6 18. Rd2 Rb8 19. Bb4 Rd8 20. Rgd1 Bxb3 21. axb3 Qc7 22. Nd5 Nxd5 23. Rxd5 a5 24. Be1 b4 25. g4 hxg4 26. fxg4 Rdc8 27. R1d2 Ra8 28. Rb5 Qc6 29. Qe2 Ra6 30. Rdd5 Rca8 31. Qc4 Qd7 32. Rb8+ Rxb8 33. Qxa6 Qxg4 34. Qa7 Rc8 35. Qb7 Re8 36. Qb5 Kf8 37. Qxa5 Qxe4 38. Bxb4 Rc8 39. Bc3 Qxh4 40. Rd1 Qe4 41. Qa6 Ra8 42. Qf1 Ra7 43. Qh3 f6 44. Qh8+ Kf7 45. Rg1 Bf8 46. Qh5+ Ke7 47. b4 Qc4 48. Qg6 Qa2+ 49. Kc1 Qf7 50. Qg2 Qc4 51. Qg6 d5 52. Rg4 Qf1+ 53. Kd2 Qf2+ 54. Kd3 Qf3+ 55. Kd2 Ra1 56. Rg1 Qf2+ 57. Kd3 e4+ 0-1

[Event "EYCC Girls U12 2018"]
[Site "Riga"]
[Date "2018.08.26"]
[Round "6"]
[White "Gaal, Zsoka"]
[Black "Tsirekidze, Barbare"]
[Result "1/2-1/2"]
[ECO "A06"]
[WhiteElo "2008"]
[BlackElo "1413"]
[Annotator "NA"]
[PlyCount "145"]
[EventDate "2018.08.20"]
[EventType "swiss"]
[EventCountry "LAT"]
[SourceTitle "playchess.com"]
[Source "ChessBase"]
[SourceQuality "1"]
[TimeControl "40/5400+30:1800+30"]

1. g3 d5 2. Nf3 e6 3. Bg2 Nf6 4. O-O Be7 5. d4 b6 6. c4 Bb7 7. Nc3 O-O 8. Ne5 h6 9. cxd5 exd5 10. Bf4 a6 11. Rc1 c6 12. Qb3 Re8 13. e4 b5 14. a3 Bf8 15. Rfd1 g5 16. Be3 Bg7 17. h3 c5 18. exd5 c4 19. Nxc4 Nxd5 20. Nxd5 Bxd5 21. Bxd5 Qxd5 22. Nd2 Qd6 23. Nf3 Nd7 24. Kg2 Nb6 25. Ne5 Qd5+ 26. Qxd5 Nxd5 27. Rc5 Nxe3+ 28. fxe3 Bxe5 29. dxe5 Rac8 30. Rdc1 Rxc5 31. Rxc5 Rd8 32. Kf3 Rd2 33. Rc8+ Kg7 34. Ra8 Rxb2 35. Rxa6 h5 36. Rb6 Rb3 37. Ke4 Rxa3 38. Rxb5 Kg6 39. Rb6+ Kg7 40. Rd6 Ra2 41. Kf5 Re2 42. Kxg5 Rxe3 43. Kf4 Re1 44. Rd3 Kg6 45. h4 Re2 46. Rd6+ Kg7 47. Rd4 Kg6 48. Re4 Rf2+ 49. Ke3 Rf1 50. Rf4 Re1+ 51. Kd4 Rd1+ 52. Ke4 Re1+ 53. Kd5 Rd1+ 54. Kc6 Rd3 55. Rf6+ Kg7 56. Rf5 Rxg3 57. Rxh5 Kg6 58. Rh8 Rd3 59. h5+ Kg7 60. Ra8 Rh3 61. Ra7 Kf8 62. Kd7 Rxh5 63. Ra5 Kg7 64. Ke7 Rf5 65. Kd6 Kg6 66. Ra1 Rf2 67. Re1 Rg2 68. Rf1 Re2 69. Rf3 Re1 70. Rg3+ Kf5 71. Rg2 Rd1+ 72. Ke7 Kxe5 73. Kxf7 1/2-1/2

[Event "EYCC Girls U12 2018"]
[Site "Riga"]
[Date "2018.08.26"]
[Round "6"]
[White "Zvereva, Margarita"]
[Black "Dakic, Marta"]
[Result "1-0"]
[ECO "B76"]
[WhiteElo "1898"]
[BlackElo "1614"]
[Annotator "NA"]
[PlyCount "97"]
[EventDate "2018.08.20"]
[EventType "swiss"]
[EventCountry "LAT"]
[SourceTitle "playchess.com"]
[Source "ChessBase"]
[SourceQuality "1"]
[TimeControl "40/5400+30:1800+30"]

1. e4 c5 2. Nf3 d6 3. d4 cxd4 4. Nxd4 Nf6 5. Nc3 g6 6. Be3 Bg7 7. f3 O-O 8. Qd2 Nc6 9. O-O-O Bd7 10. Kb1 a6 11. h4 Rc8 12. Nd5 Nxd5 13. exd5 Ne5 14. h5 Nc4 15. Bxc4 Rxc4 16. hxg6 hxg6 17. g4 Re8 18. Qh2 Rxd4 19. Bxd4 f6 20. Qh7+ Kf7 21. Rh6 Rg8 22. Qxg6+ Kf8 23. Rhh1 Be8 24. Qe4 Bf7 25. Rde1 Qd7 26. Re2 Ke8 27. Rhe1 Kd8 28. Bb6+ Ke8 29. Qxe7+ Qxe7 30. Rxe7+ Kf8 31. Rxb7 Bxd5 32. Rb8+ Kf7 33. Rxg8 Kxg8 34. Re3 Bf8 35. Bc7 Bc6 36. Bd8 Kf7 37. g5 fxg5 38. Bxg5 Kg6 39. f4 Kf5 40. Rc3 Bd7 41. Rc7 Be6 42. Rc6 Bd7 43. Rxa6 Ke6 44. a4 Bg7 45. a5 Bd4 46. Ra8 Bc6 47. Rb8 Kd7 48. f5 Be4 49. Rb4 1-0

[Event "EYCC Girls U12 2018"]
[Site "Riga"]
[Date "2018.08.26"]
[Round "6"]
[White "Kozachenko, Maria"]
[Black "Bashylina, Luisa"]
[Result "0-1"]
[ECO "B43"]
[WhiteElo "1792"]
[BlackElo "1817"]
[Annotator "NA"]
[PlyCount "90"]
[EventDate "2018.08.20"]
[EventType "swiss"]
[EventCountry "LAT"]
[SourceTitle "playchess.com"]
[Source "ChessBase"]
[SourceQuality "1"]
[TimeControl "40/5400+30:1800+30"]

1. e4 c5 2. Nf3 e6 3. d4 cxd4 4. Nxd4 a6 5. Nc3 Qc7 6. Bd3 Nc6 7. Nb3 Ne5 8. f4 Nxd3+ 9. Qxd3 b5 10. O-O Bb7 11. Be3 Nf6 12. e5 Nd5 13. Nxd5 Bxd5 14. Nd2 Rc8 15. Rfc1 d6 16. Bd4 dxe5 17. fxe5 Be7 18. a4 Qc6 19. axb5 axb5 20. Qe2 O-O 21. b3 Bg5 22. g3 Be7 23. h3 Bc5 24. Bf2 Bxf2+ 25. Qxf2 Qc3 26. Nf1 Qxe5 27. Qe3 Qf5 28. g4 Qg6 29. Qe2 b4 30. Ne3 Qe4 31. Kf2 Qf4+ 32. Ke1 Qg3+ 33. Qf2 Qxh3 34. Rd1 Qh1+ 35. Kd2 Qe4 36. Rab1 Rfd8 37. Kc1 Rc3 38. Nxd5 exd5 39. Rf1 Qg6 40. Rb2 d4 41. Re1 d3 42. Qd4 Rdc8 43. Qe3 h6 44. Kb1 dxc2+ 45. Kc1 Rxe3 0-1

[Event "EYCC Girls U12 2018"]
[Site "Riga"]
[Date "2018.08.26"]
[Round "6"]
[White "Shubenkova, Veronika"]
[Black "Karmanova, Olga Dm"]
[Result "1-0"]
[ECO "A41"]
[WhiteElo "1700"]
[BlackElo "1730"]
[Annotator "NA"]
[PlyCount "120"]
[EventDate "2018.08.20"]
[EventType "swiss"]
[EventCountry "LAT"]
[SourceTitle "playchess.com"]
[Source "ChessBase"]
[SourceQuality "1"]
[TimeControl "40/5400+30:1800+30"]

1. d4 d6 2. e3 g6 3. c4 Bg7 4. Nc3 Nd7 5. Nf3 Nh6 6. Be2 O-O 7. O-O f5 8. a3 e5 9. dxe5 dxe5 10. e4 f4 11. b4 Nf7 12. b5 g5 13. Ne1 Nd6 14. a4 Nf6 15. f3 g4 16. c5 gxf3 17. Bxf3 Nf7 18. Ba3 c6 19. Qxd8 Rxd8 20. Nc2 Rd3 21. Bb4 Bg4 22. Rad1 Rad8 23. Rxd3 Rxd3 24. Rd1 Rxd1+ 25. Nxd1 Ng5 26. Bxg4 Nxg4 27. bxc6 bxc6 28. Nf2 Nf6 29. Be1 Ngxe4 30. Nb4 Nxc5 31. a5 e4 32. Nxc6 e3 33. Nh3 Nd3 34. Kf1 Nd5 35. Nxa7 Nc1 36. Ng1 Nc3 37. Bxc3 Bxc3 38. a6 f3 39. gxf3 Bd4 40. Nb5 Bc5 41. a7 Bxa7 42. Nxa7 Kf7 43. Nb5 Ke6 44. Ne2 Nd3 45. Nbc3 Ne5 46. Kg2 Kf5 47. Nd1 Nc4 48. Kg3 h6 49. Ndc3 h5 50. h4 Nd2 51. Kg2 Nc4 52. Ng3+ Kg6 53. Nce2 Nd2 54. Nf4+ Kh6 55. Nf5+ Kh7 56. Nxe3 Kg7 57. Nxh5+ Kh6 58. Ng3 Nb3 59. h5 Nc5 60. Ng4+ Kh7 1-0

[Event "EYCC Girls U12 2018"]
[Site "Riga"]
[Date "2018.08.26"]
[Round "6"]
[White "Lomakina, Anzhelika"]
[Black "Van Foreest, Machteld"]
[Result "0-1"]
[ECO "C00"]
[WhiteElo "1627"]
[BlackElo "2135"]
[Annotator "NA"]
[PlyCount "104"]
[EventDate "2018.08.20"]
[EventType "swiss"]
[EventCountry "LAT"]
[SourceTitle "playchess.com"]
[Source "ChessBase"]
[SourceQuality "1"]
[TimeControl "40/5400+30:1800+30"]

1. e4 e6 2. d4 d5 3. Bd3 Nf6 4. e5 Nfd7 5. Ne2 c5 6. c3 Nc6 7. O-O Qb6 8. Bc2 Be7 9. f4 cxd4 10. cxd4 Nb4 11. Bb3 f5 12. Nbc3 Qa6 13. Ng3 O-O 14. Be3 Bh4 15. a3 Nc6 16. Rc1 Na5 17. Ba2 Nb6 18. b3 Nc6 19. Nb1 Nd7 20. b4 Nxb4 21. Bb3 Nc6 22. Qc2 Be7 23. Ba4 Na5 24. Nd2 b5 25. Bb3 Nc4 26. Bxc4 bxc4 27. Nb1 Bxa3 28. Nxa3 Qxa3 29. Bd2 Nb6 30. Rb1 Re8 31. Ne2 Bd7 32. Nc3 Reb8 33. Rf3 Qe7 34. Rff1 a5 35. Nb5 a4 36. Bb4 Qd8 37. Bd6 Rb7 38. Ba3 Nc8 39. Nd6 Rb3 40. Rxb3 axb3 41. Qb2 Nxd6 42. exd6 Qa5 43. Ra1 Ba4 44. Rc1 Bd7 45. Ra1 Qb5 46. Rb1 c3 47. Qxb3 Qxb3 48. Rxb3 c2 49. Bb2 Ra1+ 50. Kf2 Rb1 51. Ke3 Rxb2 52. Rc3 Rb3 0-1

[Event "EYCC Girls U12 2018"]
[Site "Riga"]
[Date "2018.08.27"]
[Round "7"]
[White "Van Foreest, Machteld"]
[Black "Tarasenka, Aliaksandra"]
[Result "0-1"]
[ECO "B56"]
[WhiteElo "2135"]
[BlackElo "1747"]
[Annotator "NA"]
[PlyCount "70"]
[EventDate "2018.08.20"]
[EventType "swiss"]
[EventCountry "LAT"]
[SourceTitle "playchess.com"]
[Source "ChessBase"]
[SourceQuality "1"]
[TimeControl "40/5400+30:1800+30"]

1. e4 c5 2. Nf3 d6 3. d4 cxd4 4. Nxd4 Nf6 5. Nc3 e5 6. Nde2 Be7 7. g3 O-O 8. Bg2 Be6 9. O-O Nc6 10. Nd5 {[%emt 0:03:40] B56: Sizilianisch (Abweichung von Sozin- und Richter/Rauser-Variante)} (10. h3 Rc8 11. g4 h6 12. Ng3 a6 13. Nf5 b5 14. Nd5 Bxf5 15. Nxe7+ Qxe7 16. exf5 d5 17. c3 e4 18. Bf4 {0-1 (42) Fontaine,R (2563)-Gupta,A (2610) chess.com INT 2018}) 10... Bxd5 11. exd5 Nb8 12. c4 Nbd7 13. Nc3 Rc8 14. b3 a6 15. a4 Ne8 $146 ({Vorgänger:} 15... b6 16. Bb2 Re8 17. Qc2 Bf8 {½-½ (80) Chandra,A (2155)-Klasan,V (2355) Novi Sad 2012}) 16. Bh3 f5 17. a5 g6 18. Bh6 Ng7 19. Qc2 Bg5 20. Bxg5 Qxg5 21. Qe2 $15 Nh5 22. Kh1 Rce8 23. b4 e4 24. Rad1 Qh6 25. Bg2 Ne5 26. Kg1 f4 27. Bxe4 f3 28. Qe3 Nf4 29. h4 Qh5 30. c5 Qg4 31. cxd6 Qh3 32. Bxf3 Ng4 33. Rfe1 Qh2+ 34. Kf1 Rxe3 35. Re2 Rxe2 0-1

[Event "EYCC Girls U12 2018"]
[Site "Riga"]
[Date "2018.08.27"]
[Round "7"]
[White "Bashylina, Luisa"]
[Black "Shubenkova, Veronika"]
[Result "1-0"]
[ECO "B43"]
[WhiteElo "1817"]
[BlackElo "1700"]
[Annotator "NA"]
[PlyCount "107"]
[EventDate "2018.08.20"]
[EventType "swiss"]
[EventCountry "LAT"]
[SourceTitle "playchess.com"]
[Source "ChessBase"]
[SourceQuality "1"]
[TimeControl "40/5400+30:1800+30"]

1. e4 c5 2. Nf3 e6 3. d4 cxd4 4. Nxd4 a6 5. Nc3 Qc7 6. Bd3 Nc6 7. Nb3 Nf6 8. O-O Be7 9. f4 d6 10. Qe2 b5 11. Bd2 Bb7 12. Rae1 e5 13. Nd5 Qd8 14. c4 b4 15. Qf2 a5 16. Qg3 O-O 17. f5 Kh8 18. Qh3 Bc8 19. g4 Ng8 20. Be3 a4 21. Nd2 Rb8 22. b3 a3 23. Rc1 Bd7 24. c5 dxc5 25. Nxe7 Ngxe7 26. Bxc5 Re8 27. Bc4 Rf8 28. f6 gxf6 29. Qf3 f5 30. exf5 f6 31. Ne4 Na5 32. Be6 Bc6 33. Rfd1 Qc7 34. Bd6 Qa7+ 35. Qf2 Rb7 36. Bc5 Qb8 37. Nd6 Kg7 38. Nxb7 Qxb7 39. Bxe7 Re8 40. Bd6 Qa6 41. Bxb4 Nb7 42. Bxa3 Bb5 43. Rc7+ Kh8 44. Be7 Kg7 45. Bd8+ Kf8 46. Rf7+ Kg8 47. Bxf6 Rxe6 48. fxe6 Qxe6 49. Rg7+ Kf8 50. Bxe5+ Ke8 51. Re1 Qd5 52. Bc7+ Be2 53. Rxe2+ Qe4 54. Rxe4# 1-0

[Event "EYCC Girls U12 2018"]
[Site "Riga"]
[Date "2018.08.27"]
[Round "7"]
[White "Alekseenko, Mariya"]
[Black "Gaal, Zsoka"]
[Result "1-0"]
[ECO "A16"]
[WhiteElo "1750"]
[BlackElo "2008"]
[Annotator "NA"]
[PlyCount "141"]
[EventDate "2018.08.20"]
[EventType "swiss"]
[EventCountry "LAT"]
[SourceTitle "playchess.com"]
[Source "ChessBase"]
[SourceQuality "1"]
[TimeControl "40/5400+30:1800+30"]

1. c4 Nf6 2. Nc3 g6 3. g3 Bg7 4. Bg2 c5 5. e3 O-O 6. Nge2 Nc6 7. d3 d6 8. O-O Bf5 {[%emt 0:02:18] A36: Symmetrical English vs ...g6: 4 Bg2 Bg7} (8... Bg4 9. h3 Bd7 10. b3 a6 11. Bb2 Rb8 12. d4 cxd4 13. exd4 b5 14. cxb5 axb5 15. d5 Na7 16. Nd4 {0-1 (31) Grischuk,A (2771)-Andreikin,D (2683) Moscow 2010}) 9. h3 a6 10. a3 Rb8 11. Kh2 Bd7 12. Rb1 b5 13. cxb5 axb5 14. b4 $1 cxb4 15. axb4 Qb6 16. d4 $146 ({Predecessor:} 16. Bd2) 16... Rfc8 17. e4 (17. Rb3 $11 {hält das Gleichgewicht.}) 17... Qd8 18. Be3 e5 19. d5 Nd4 20. Nxd4 Rxc3 21. Nb3 Qe7 22. Qd2 Rcc8 23. Rfc1 Ne8 24. Na5 h5 25. Rxc8 Rxc8 26. Rc1 Nf6 27. Rxc8+ Bxc8 28. Qc2 Qd7 29. Qc6 Bf8 30. f3 Ne8 31. Bb6 Nf6 32. Bf1 Ba6 33. Qxd7 Nxd7 34. Bc7 f5 35. Nc6 fxe4 36. fxe4 Nf6 37. Bd3 Bb7 38. Bd8 Kf7 39. Bxf6 Kxf6 40. Bxb5 Bh6 41. Na5 Bc8 42. Nc4 Ke7 43. Bc6 Bf8 44. b5 Kd8 45. h4 Kc7 46. b6+ Kb8 47. Be8 Kb7 48. Bxg6 Bg4 49. Be8 Be7 $18 50. Bc6+ Kb8 51. b7 Be2 52. Nb6 Bg4 53. Nd7+ Bxd7 54. Bxd7 Kxb7 55. Be8 Kb6 56. Bxh5 Kc5 57. Kh3 Kd4 58. Bg6 Ke3 59. Kg4 Kf2 60. h5 Bf8 61. Kf5 Kxg3 62. Kf6 Kf4 63. Kf7 Bh6 64. Ke7 Kg5 65. Kxd6 Kf6 66. Kc7 Bd2 67. d6 Ba5+ 68. Kc8 Ke6 69. d7 Ke7 70. h6 Kf6 71. h7 1-0

[Event "EYCC Girls U12 2018"]
[Site "Riga"]
[Date "2018.08.27"]
[Round "7"]
[White "Anacoglu, Cisel"]
[Black "Zvereva, Margarita"]
[Result "1/2-1/2"]
[ECO "B52"]
[WhiteElo "1734"]
[BlackElo "1898"]
[Annotator "NA"]
[PlyCount "123"]
[EventDate "2018.08.20"]
[EventType "swiss"]
[EventCountry "LAT"]
[SourceTitle "playchess.com"]
[Source "ChessBase"]
[SourceQuality "1"]
[TimeControl "40/5400+30:1800+30"]

1. e4 c5 2. Nf3 d6 3. Bb5+ Bd7 4. Bxd7+ Qxd7 5. c4 Nc6 6. d4 cxd4 7. Nxd4 g6 8. Nc3 Bg7 9. Be3 Nf6 10. h3 O-O 11. O-O a6 12. a4 e6 13. f4 Rac8 14. b3 Ne8 15. Nde2 Qe7 $14 16. Qd2 Nc7 17. Rfd1 Rfd8 18. Bb6 Rd7 19. e5 Ne8 20. Ne4 Nb8 21. Nxd6 Nxd6 22. exd6 Rxd6 23. Qxd6 Qxd6 24. Rxd6 Bxa1 25. Bd4 Bxd4+ 26. Nxd4 h6 27. c5 Kh7 28. b4 Rc7 29. Rd8 Nd7 30. Nf3 a5 31. bxa5 Nxc5 32. Ne5 Nxa4 33. Rd4 Nc3 34. Kh2 Kg7 35. Nc4 Nb5 36. Re4 Nc3 37. Rd4 Nd5 38. Nd6 Rd7 39. Ne4 Kf8 40. g4 Ke7 41. f5 gxf5 42. gxf5 Nf6 43. Rb4 Nxe4 44. Rxe4 Kf6 45. fxe6 fxe6 46. Kg3 e5 47. Rh4 Kg5 48. Rg4+ Kf5 49. Rh4 Rh7 50. Rh5+ Ke4 51. Kf2 Kf4 52. Rh4+ Kg5 53. Rg4+ Kf5 54. Rg8 Re7 55. Ke3 Rc7 56. Rf8+ Kg6 57. Re8 Rc5 58. Re6+ Kg5 59. Rb6 Rxa5 60. Rxb7 h5 61. Ke4 Kh4 62. Rb3 1/2-1/2

[Event "EYCC Girls U12 2018"]
[Site "Riga"]
[Date "2018.08.27"]
[Round "7"]
[White "Tsirekidze, Barbare"]
[Black "Karmanova, Olga Dm"]
[Result "1/2-1/2"]
[ECO "A41"]
[WhiteElo "1413"]
[BlackElo "1730"]
[Annotator "NA"]
[PlyCount "120"]
[EventDate "2018.08.20"]
[EventType "swiss"]
[EventCountry "LAT"]
[SourceTitle "playchess.com"]
[Source "ChessBase"]
[SourceQuality "1"]
[TimeControl "40/5400+30:1800+30"]

1. d4 d6 2. Bf4 g6 3. e3 Bg7 4. c3 Nd7 5. Nf3 e5 6. dxe5 dxe5 7. Bg3 Nh6 8. Bh4 f6 9. Qd5 Nb6 10. Qxd8+ Kxd8 11. Na3 c6 12. O-O-O+ Kc7 13. Bg3 Be6 14. c4 Nf7 15. Nd4 Bd7 16. Nb3 Bf8 17. Nb1 a5 18. Be2 a4 19. N3d2 f5 20. f3 Bc5 21. Nf1 Be6 22. b3 g5 23. Be1 axb3 24. axb3 Ra1 25. Bc3 Ba3+ 26. Bb2 Bxb2+ 27. Kxb2 Rha8 28. Nc3 Rxd1 29. Nxd1 f4 30. Nc3 Bf5 31. g4 Bg6 32. exf4 exf4 33. Nd2 Re8 34. Nde4 Nd7 35. Rd1 Bxe4 36. Nxe4 b6 37. Rxd7+ Kxd7 38. Nf6+ Ke7 39. Nxe8 Kxe8 40. Kc3 c5 41. Bd3 Ne5 42. Be4 Ke7 43. b4 Kd6 44. b5 h6 45. h3 Nf7 46. Kd3 Ke5 47. Kc3 Nd6 48. Bc6 h5 49. Ba8 Ne8 50. Bc6 Nd6 51. Ba8 Kf6 52. Bd5 Ne8 53. Kd3 h4 54. Ke4 Nd6+ 55. Kd3 Ke5 56. Bc6 Nf7 57. Bd5 Nd8 58. Kc3 Ne6 59. Bxe6 Kxe6 60. Kd2 Ke5 1/2-1/2